Cogmind - Beta 14 *** ADVENTURER MODE // 2025.05.01 @ 14:58:46 Player: Olexender Result: Destroyed by H-88 Terminator with KE Penetrator Performance ------------- Evolutions (8) 4000 Regions Visited (15) 3000 Robots Destroyed (207) 1035 Value Destroyed (9174) 9174 Prototype IDs (28) 560 Alien Tech Used (2) 400 Bonus (989) 989 TOTAL SCORE: 19158 Bonus ------- High Alert Combat Kills 123 Follower Combat Kills 66 Entered DSFs 500 Met Zhirov 300 Cogmind --------- Core Integrity 0/1450 Matter 179/300 Energy 274/340 System Corruption 31% Temperature Cool (20) Movement Walking (190) Ox1 Location -2/Research Parts ------- > --- POWER (2) -------- Particle Reactor > --- PROPULSION (9) --- Myomer Leg Biometal Leg Centrium Leg Centrium Leg Centrium Leg Centrium Leg Improved Antigrav System Improved Antigrav System Combat Antigrav System > --- UTILITY (9) ------ Advanced Heat Sink High-capacity Storage Unit Enhanced Optical Array Improved Dynamic Insulation System System Guard > --- WEAPON (3) ------- Gamma Rifle Gamma Rifle Railgun > --- INVENTORY (20) --- Light Quantum Reactor Antigrav System Improved Antigrav System Advanced Heat Sink Advanced Energy Well (500) Experimental Matter Compressor (181) Mobile Refinery Mk. CCLXVII Ionic Axe Peak State ------------ > --- POWER ------------ Light Quantum Reactor Light Quantum Reactor > --- PROPULSION ------- Myomer Leg Myomer Leg Myomer Leg Myomer Leg Myomer Leg Biometal Leg Biometal Leg Biometal Leg Centrium Leg > --- UTILITY ---------- Advanced Heat Sink High-capacity Storage Unit Enhanced Optical Array Improved Kinecellerator Launcher Loader Microactuators Advanced Transmission Jammer System Guard > --- WEAPON ----------- Tesla Rifle Quantum Rifle Compact Linear Accelerator > --- INVENTORY -------- Particle Reactor Particle Reactor Myomer Leg Antigrav System Antigrav Array Advanced Heat Sink Advanced Energy Well Improved Matter Compressor Advanced Transmission Jammer Mobile Refinery Mk. CCLXVII Heavy Laser Phase Gun KE Penetrator Railgun Welding Torch Power Sword Ionic Axe [Rating: 164] Favorites ----------- Power Neutrino Core Engine Improved Ion Engine Power Core Neutrino Core Reactor Light Quantum Reactor Propulsion Carbon-fiber Leg Leg Carbon-fiber Leg Wheel Compact Wheel Hover Unit Improved Antigrav System Flight Unit Xenon Bombardment Thruster Utility Advanced Heat Sink Device Advanced Heat Sink Storage Medium Storage Unit Processor System Guard Protection Improved Medium Armor Plating Weapon Autogun Energy Gun Field Laser Energy Cannon Enhanced Nova Cannon Ballistic Gun Autogun Ballistic Cannon Mass Driver Special Weapon RU-N14's Throwing Claymores Slashing Weapon Axe Build | -11 -10 -9 -9 -7 -6 -6 -5 -5 -5 -5 -4 -4 -3 -3 -2 ------- Run | Yrd Mat Mat Min Zio Pro Fac Fac Upp Upp Zhi Pro Fac Res DSF Res Slots Evolved 16 | . . 2 . . . 6 2 . . . . 2 2 . 2 Power 1 | . . . . . . 1 . . . . . . . . . Propulsion 7 | . . 1 . . . 2 1 . . . . 1 1 . 1 Utility 7 | . . 1 . . . 2 1 . . . . 1 1 . 1 Weapon 1 | . . . . . . 1 . . . . . . . . . Parts Attached 307 | 6 3 16 . 2 8 20 42 1 6 11 8 27 3 . 154 Power 35 | 1 . 3 . . 1 4 4 . 2 2 1 2 . . 15 Engine 9 | 1 . 3 . . . 2 1 . . . . . . . 2 Core 12 | . . . . . 1 2 3 . 2 1 1 1 . . 1 Reactor 14 | . . . . . . . . . . 1 . 1 . . 12 Propulsion 101 | 2 . 5 . . 1 6 10 1 . 2 . 6 1 . 67 Treads . | . . . . . . . . . . . . . . . . Leg 66 | 2 . 5 . . 1 2 9 1 . 1 . 6 1 . 38 Wheel 2 | . . . . . . 1 1 . . . . . . . . Hover 32 | . . . . . . 2 . . . 1 . . . . 29 Flight 1 | . . . . . . 1 . . . . . . . . . Utility 74 | 1 2 3 . 1 1 5 16 . 1 7 2 5 2 . 28 Device 45 | . 1 1 . 1 1 4 6 . 1 . 2 5 1 . 22 Storage 8 | 1 1 . . . . . 1 . . 2 . . . . 3 Processor 4 | . . . . . . . 2 . . . . . 1 . 1 Hackware . | . . . . . . . . . . . . . . . . Protection 17 | . . 2 . . . 1 7 . . 5 . . . . 2 Artifact . | . . . . . . . . . . . . . . . . Weapon 97 | 2 1 5 . 1 5 5 12 . 3 . 5 14 . . 44 Energy Gun 25 | . . 3 . . 1 . 2 . 1 . 2 1 . . 15 Energy Cannon 2 | . . . . . . . . . . . . . . . 2 Ballistic Gun 34 | 2 1 2 . . 3 3 4 . . . . 3 . . 16 Ballistic Cannon 11 | . . . . . . . 1 . 2 . 2 4 . . 2 Launcher . | . . . . . . . . . . . . . . . . Special Weapon 5 | . . . . 1 1 . 1 . . . 1 . . . 1 Impact Weapon . | . . . . . . . . . . . . . . . . Slashing Weapon 20 | . . . . . . 2 4 . . . . 6 . . 8 Piercing Weapon . | . . . . . . . . . . . . . . . . Special Melee Weapon . | . . . . . . . . . . . . . . . . Unidentified Prototypes 17 | . . . . 2 . . 1 . . 5 . 2 . . 7 Corrupted Parts 1 | . . . . . . . . . . . . . . . 1 System Corruption 3 | . . . . . . . . . . . . . . . 3 Parts Lost 122 | . . 1 . . 6 5 19 . 2 . 10 11 . 5 63 Power 16 | . . . . . 1 1 1 . 1 . 1 1 . . 10 Propulsion 45 | . . . . . 3 2 7 . . . 6 3 . 2 22 Utility 34 | . . 1 . . 1 1 8 . 1 . 1 5 . 1 15 Weapon 27 | . . . . . 1 1 3 . . . 2 2 . 2 16 Highest Loss Streak 22 | . . 1 . . 4 4 5 . 2 . 3 4 . 5 22 To Critical Strikes 2 | . . . . . . . . . . . . . . . 2 Average Slot Usage (%) 84 | . 93 97 100 100 86 66 83 94 95 100 68 51 59 47 79 Engine 5 | . 14 11 11 11 6 4 6 . . . . . . . . Core 2 | . . . . . 1 5 3 11 10 8 2 . . . . Reactor 1 | . . . . . . . . . . 2 3 2 4 4 5 Leg 23 | . 28 33 33 33 24 1 20 29 35 35 13 10 12 7 20 Hover 1 | . . . . . . 4 . . . . . . . . 9 Device 16 | . 8 12 22 22 20 15 13 11 11 14 13 15 18 16 16 Storage 7 | . 14 11 11 11 11 6 5 5 5 5 5 5 4 4 4 Processor 2 | . . . . . . . 2 5 5 5 5 5 4 9 8 Protection 3 | . . 7 . . . 3 8 11 6 7 6 . . . . Energy Gun 3 | . . 10 11 1 7 5 1 5 5 5 3 2 4 . 4 Ballistic Gun 8 | . 28 11 11 11 9 10 11 5 1 . . 2 4 1 3 Ballistic Cannon 2 | . . . . . . . . 5 9 11 8 2 4 1 2 Special Weapon 2 | . . . . 9 5 . . . . . . . . . . Peak Build Rating 164 | 6 9 16 16 26 29 51 76 81 82 89 88 86 85 86 164 Average Rating 56 | 3 7 14 16 24 22 35 56 74 77 84 64 57 78 65 128 On Entrance 43 | . 6 9 16 16 26 17 45 74 81 82 88 37 66 85 52 Naked Turns . | . . . . . . . . . . . . . . . . Heaviest Build 111 | 13 21 32 27 35 35 54 86 86 86 85 85 68 65 65 111 Greatest Support 161 | 20 20 30 30 30 35 30 90 91 91 91 91 80 65 65 161 Greatest Overweight (x) 28 | . 1 1 . 1 8 13 28 1 . . 7 12 1 2 2 Average Overweight (x) . | . . . . . 1 3 1 . . . 1 1 . . . Largest Inventory Capacity 20 | 8 10 10 10 10 10 10 15 15 15 15 15 15 15 15 20 Average Capacity 13 | 6 9 10 10 10 10 10 13 15 15 15 15 15 15 15 18 Most Carried 20 | 5 8 10 9 10 10 10 15 15 15 15 15 15 12 13 20 Average Carried 11 | 2 5 9 9 9 8 9 11 13 14 14 14 11 10 12 14 Final Capacity 20 | 8 10 10 10 10 10 10 15 15 15 15 15 15 15 15 20 Final Carried 15 | 1 8 9 9 10 8 9 13 15 15 15 15 11 11 13 8 Class Distribution -------------------- 47% | Mutant 23% | Scavenger-Tank 6% | Scavenger-Gunner 5% | Tank 5% | Scavenger-Skirmisher 4% | Scavenger-Mutant 3% | Gunner Dominant Class ---------------- Mutant | -10/Materials Mutant | -9/Materials Mutant | -9/Mines Mutant | -7/Zion Mutant | -6/Proximity Caves Tank | -6/Factory Scavenger-Tank | -5/Factory Scavenger-Tank | -5/Upper Caves Scavenger-Tank | -5/Upper Caves Scavenger-Tank | -5/Zhirov Scavenger-Tank | -4/Proximity Caves Gunner | -4/Factory Gunner | -3/Research Mutant | -3/DSF Scavenger-Gunner | -2/Research Resources | -11 -10 -9 -9 -7 -6 -6 -5 -5 -5 -5 -4 -4 -3 -3 -2 ----------- Run | Yrd Mat Mat Min Zio Pro Fac Fac Upp Upp Zhi Pro Fac Res DSF Res Matter Collected 8087 | 260 137 487 . 46 230 307 1554 331 256 150 745 503 . 41 3040 Remotely . | . . . . . . . . . . . . . . . . Salvage Created 9348 | . 227 899 . . 358 469 2040 434 451 . 293 575 . . 3602 Parts 476 | . 13 66 . . 22 19 90 23 12 . 21 22 . . 188 Haulers Intercepted . | . . . . . . . . . . . . . . . . Recyclers Shooed 6 | . 1 . . . . . 1 . . . . . . . 4 Parts Field Recycled . | . . . . . . . . . . . . . . . . Retrieved Matter . | . . . . . . . . . . . . . . . . Parts Self-Destructed 80 | . . . . 2 19 . . 26 12 . 21 . . . . Prevented 1 | . . . . . . . . 1 . . . . . . . Kills | -11 -10 -9 -9 -7 -6 -6 -5 -5 -5 -5 -4 -4 -3 -3 -2 ------- Run | Yrd Mat Mat Min Zio Pro Fac Fac Upp Upp Zhi Pro Fac Res DSF Res Combat Hostiles Destroyed 174 | . 4 22 . . 18 8 29 10 8 . 17 10 . . 48 Melee 11 | . . . . . . . 3 . . . . 4 . . 4 Guns 106 | . 4 22 . . 11 8 22 3 6 . 2 4 . . 24 Cannons 47 | . . . . . 1 . 4 7 2 . 15 2 . . 16 AOE 10 | . . . . . 6 . . . . . . . . . 4 Classes Destroyed 15 | . 3 3 . . 2 2 1 . . . 1 1 . . 2 Worker 9 | . 1 1 . . . . 1 . . . . . . . 6 Builder 6 | . . . . . . . . . . . . . . . 6 Recycler 6 | . . 1 . . . . 2 . . . . . . . 3 Operator 1 | . . . . . . 1 . . . . . . . . . Drone 2 | . . . . . . . . . . . 2 . . . . Watcher 11 | . 2 2 . . . . 4 . . . . 1 . . 2 Swarmer 61 | . . 10 . . 13 1 9 6 2 . 10 . . . 10 Grunt 42 | . 4 4 . . 1 4 13 2 4 . 2 . . . 8 Brawler 1 | . . . . . . . 1 . . . . . . . . Duelist 7 | . . . . . 2 1 1 . . . . 3 . . . Sentry 22 | . . 8 . . 1 1 3 1 2 . 1 1 . . 4 Hunter 8 | . . . . . . . . . . . . 2 . . 6 Programmer 27 | . . . . . . 1 2 1 . . 1 4 . . 18 Heavy 1 | . . . . . . . . . . . . . . . 1 Behemoth 2 | . . . . . 1 . . . . . 1 . . . . Decomposer 1 | . . . . . . . . 1 . . . . . . . Thug 1 | . . . . . . . . . . . . . . . 1 Best Kill Streak 9 | . 2 7 . . 5 3 9 3 7 . 5 2 . . 9 Combat Bots Only 7 | . 2 5 . . 5 3 7 3 7 . 5 2 . . 6 Max Kills in Single Turn 5 | . 1 2 . . 3 1 2 2 2 . 1 1 . . 5 Gunslinging 1 | . . 1 . . 1 . 1 . . . . . . . . Exploded 3 | . . . . . 3 . . . . . . . . . 3 Melee 1 | . . . . . . . 1 . . . . 1 . . 1 Uniques/NPCs Destroyed . | . . . . . . . . . . . . . . . . Combat | -11 -10 -9 -9 -7 -6 -6 -5 -5 -5 -5 -4 -4 -3 -3 -2 -------- Run | Yrd Mat Mat Min Zio Pro Fac Fac Upp Upp Zhi Pro Fac Res DSF Res Hostile Shots Fired 1711 | . 29 125 . . 155 77 208 43 58 . 138 110 . 7 761 Missed 464 | . 9 42 . . 56 20 55 17 16 . 36 31 . 1 181 Damage Taken 21022 | . 211 761 . . 1130 746 2146 376 598 . 1609 1682 . 627 11136 Core 3125 | . 20 69 . . 301 55 124 28 64 . 256 548 . 201 1459 Absorbed by Shields 367 | . . . . . . 7 360 . . . . . . . . Redirected to Shielding 154 | . . . . . . . . . . . 128 26 . . . Ignored by Resistances 5884 | . 63 228 . . 332 208 694 103 167 . 452 453 . 160 3024 Core Remaining (%) 67 | 100 92 . . . 7 93 . . . . 52 46 . 84 . Volleys Fired 531 | . 20 62 . . 54 28 92 21 14 . 41 21 . . 178 Largest 3 | . 2 2 . . 2 3 3 3 3 . 3 3 . . 3 Hottest 255 | . 40 86 . . 86 111 175 175 195 . 195 173 . . 255 Shots Fired 1291 | . 40 122 . . 87 79 266 61 43 . 113 59 . . 421 Gun 1034 | . 40 122 . . 78 79 256 39 26 . 32 40 . . 322 Cannon 243 | . . . . . . . 7 22 17 . 79 19 . . 99 Launcher . | . . . . . . . . . . . . . . . . Special 14 | . . . . . 9 . 3 . . . 2 . . . . Kinetic 887 | . 40 65 . . 43 58 247 43 29 . 79 40 . . 243 Thermal 299 | . . 57 . . 35 21 16 18 14 . 32 19 . . 87 Explosive 14 | . . . . . 9 . 3 . . . 2 . . . . Electromagnetic 91 | . . . . . . . . . . . . . . . 91 Robot Hit Streak 29 | . 8 9 . . 12 15 29 14 19 . 16 10 . . 22 Robot Miss Streak 9 | . 3 5 . . 2 2 5 4 2 . 9 2 . . 4 Penetration Max 2 | . . . . . . . 1 1 2 . . 1 . . 2 Secondary Targets 28 | . . 8 . . 4 4 3 . . . . . . . 9 Max Gunslinging Chain 1 | . . 1 . . 1 1 1 . . . . . . . 1 Shots Hit Robots 966 | . 27 81 . . 61 65 210 38 28 . 65 72 . . 319 Core Hits 417 | . 15 37 . . 32 23 91 18 15 . 24 26 . . 136 Critical Kills 21 | . . . . . . . 9 8 3 . . . . . 1 Critical Parts Destroyed 20 | . . . . . . 2 11 2 4 . . . . . 1 Critical Strikes 76 | . . 2 . . 3 3 27 11 9 . 1 9 . . 11 Burn 6 | . . 2 . . 1 1 . . 1 . . 1 . . . Destroy 45 | . . . . . . 2 23 11 7 . . . . . 2 Blast 7 | . . . . . . . . . 1 . . 1 . . 5 Corrupt 2 | . . . . . . . . . . . . . . . 2 Sever 16 | . . . . . 2 . 4 . . . 1 7 . . 2 Melee Attacks 71 | . . . . . . . 20 . . . . 32 . . 19 Impact . | . . . . . . . . . . . . . . . . Slashing 71 | . . . . . . . 20 . . . . 32 . . 19 Piercing . | . . . . . . . . . . . . . . . . Sneak Attacks . | . . . . . . . . . . . . . . . . Combat Hostiles . | . . . . . . . . . . . . . . . . Follow-up Attacks 10 | . . . . . . . 4 . . . . 5 . . 1 Damage Inflicted 25146 | . 355 1312 . . 2524 1083 3470 544 544 . 2256 2406 . . 10652 Guns 14004 | . 355 1312 . . 925 1083 2634 345 343 . 296 769 . . 5942 Cannons 5843 | . . . . . . . 50 199 201 . 1667 464 . . 3262 Explosions 2487 | . . . . . 1313 . 99 . . . 214 69 . . 792 Melee 2373 | . . . . . . . 613 . . . . 1104 . . 656 Ramming . | . . . . . . . . . . . . . . . . Kinetic 14128 | . 355 644 . . 478 794 2397 292 277 . 1667 899 . . 6325 Thermal 5389 | . . 668 . . 447 289 287 252 267 . 296 334 . . 2549 Explosive 1695 | . . . . . 1313 . 99 . . . 214 69 . . . Electromagnetic 1122 | . . . . . . . . . . . . . . . 1122 Impact . | . . . . . . . . . . . . . . . . Slashing 2812 | . . . . . 286 . 687 . . . 79 1104 . . 656 Piercing . | . . . . . . . . . . . . . . . . Highest Corruption 32 | . . . . . . 2 11 5 5 5 17 5 . . 32 Average Corruption 10 | . . . . . . 1 5 3 5 5 12 2 . . 26 Corruption Purged 9 | . . . . . . 2 7 . . . . . . . . Corruption Blocked . | . . . . . . . . . . . . . . . . Effects 157 | . . . . . . 1 24 12 13 6 39 3 . . 59 Message Errors 32 | . . . . . . 1 2 2 4 2 12 . . . 9 Matter Fused 30 | . . . . . . . 5 3 2 1 5 2 . . 12 Heat Flow Errors 19 | . . . . . . . 4 3 3 . 4 . . . 5 Energy Discharges 12 | . . . . . . . 2 1 1 2 4 . . . 2 Parts Rejected 3 | . . . . . . . . . . . 1 . . . 2 Parts Fused 6 | . . . . . . . 2 1 1 . 1 1 . . . Data Loss (minor) 19 | . . . . . . . 6 . 1 1 5 . . . 6 Data Loss (major) 2 | . . . . . . . . . . . 1 . . . 1 Misfires 10 | . . . . . . . 1 1 1 . 2 . . . 5 Alerts 1 | . . . . . . . . 1 . . . . . . . Weapon Failures 23 | . . . . . . . 2 . . . 4 . . . 17 Overload Shots . | . . . . . . . . . . . . . . . . Overflow Damage 504 | . . . . . 53 . 19 . . . 102 76 . . 254 Projectiles 227 | . . . . . . . . . . . 102 6 . . 119 Explosions 246 | . . . . . 53 . 19 . . . . 39 . . 135 Melee 31 | . . . . . . . . . . . . 31 . . . Knockbacks 30 | . . . . . . . . 1 1 . 5 1 . . 22 Impact . | . . . . . . . . . . . . . . . . Kinetic 29 | . . . . . . . . 1 1 . 5 1 . . 21 Secondary 1 | . . . . . . . . . . . . . . . 1 Self-Inflicted Damage 366 | . . . . . . . . . . . . 221 . . 145 Shots 7 | . . . . . . . . . . . . 4 . . 3 Rammed . | . . . . . . . . . . . . . . . . Targets Rammed . | . . . . . . . . . . . . . . . . Kicked . | . . . . . . . . . . . . . . . . Crushed . | . . . . . . . . . . . . . . . . Highest Temperature 811 | . . 14 . . 180 114 266 201 230 . 291 111 . . 811 Average Temperature 111 | . . 7 . . 73 49 48 48 123 . 107 37 . . 184 Received Heat Transfer 3599 | . 177 219 . . 153 324 577 54 198 . 449 9 . . 1439 Effects 28 | . . . . . . . . . 1 . 3 . . . 24 Shutdowns 9 | . . . . . . . . . . . . . . . 9 Energy Bleed 4 | . . . . . . . . . 1 . 1 . . . 2 Interference 6 | . . . . . . . . . . . 2 . . . 4 Matter Decay 2 | . . . . . . . . . . . . . . . 2 Short Circuit 2 | . . . . . . . . . . . . . . . 2 Damage (minor) 5 | . . . . . . . . . . . . . . . 5 Siege Activations . | . . . . . . . . . . . . . . . . Robots Corrupted 1 | . . . . . . . . . . . . . . . 1 Combat Hostiles . | . . . . . . . . . . . . . . . . Parts Fried 3 | . . . . . . . . . . . . . . . 3 Impact Corruptions 1 | . . . . . . . . . . . . . . . 1 Robots Melted . | . . . . . . . . . . . . . . . . Combat Hostiles . | . . . . . . . . . . . . . . . . Parts Melted 15 | . . 4 . . 1 1 1 1 . . . 3 . . 4 Heat Transferred 8381 | . . 1591 . . 1036 703 444 370 481 . 555 555 . . 2646 Parts Sabotaged . | . . . . . . . . . . . . . . . . Parts Stolen . | . . . . . . . . . . . . . . . . Parts Stripped . | . . . . . . . . . . . . . . . . Power Chain Reactions 3 | . . . . . . . . . . . . . . . 3 Alert | -11 -10 -9 -9 -7 -6 -6 -5 -5 -5 -5 -4 -4 -3 -3 -2 ------- Run | Yrd Mat Mat Min Zio Pro Fac Fac Upp Upp Zhi Pro Fac Res DSF Res Peak Influence 549 | . 149 512 58 . . 125 440 . . . . 549 249 168 366 Initial 300 | . . . 58 . . . 52 . . . . 300 249 168 57 Average 178 | . 41 301 58 . . 23 177 . . . . 336 249 138 157 Maximum Alert Level 2 | . . 2 . . . . 2 . . . . 2 1 . 1 Low Security (%) 58 | 100 100 15 100 . . 100 51 . . . . 8 . 100 75 Level 1 34 | . . 62 . . . . 43 . . . . 67 100 . 24 Level 2 6 | . . 22 . . . . 5 . . . . 23 . . . Level 3 . | . . . . . . . . . . . . . . . . Level 4 . | . . . . . . . . . . . . . . . . Level 5 . | . . . . . . . . . . . . . . . . High Security . | . . . . . . . . . . . . . . . . Max Security . | . . . . . . . . . . . . . . . . Squads Dispatched 27 | . 1 2 . . . 1 7 . 1 . . 3 . . 12 Investigation 6 | . 1 1 . . . . 2 . 1 . . . . . 1 Extermination 10 | . . . . . . 1 1 . . . . 3 . . 5 Reinforcement 7 | . . 1 . . . . . . . . . . . . 6 Assault . | . . . . . . . . . . . . . . . . Garrison 4 | . . . . . . . 4 . . . . . . . . Intercept . | . . . . . . . . . . . . . . . . Searches Triggered . | . . . . . . . . . . . . . . . . Construction Impeded 3 | . . . . . . . . . . . . . . . 3 Haulers Reinforced 1 | . . . . . . . . . . . . . . . 1 Active Scanning Responses . | . . . . . . . . . . . . . . . . Cargo Convoy Interrupts . | . . . . . . . . . . . . . . . . Stealth | -11 -10 -9 -9 -7 -6 -6 -5 -5 -5 -5 -4 -4 -3 -3 -2 --------- Run | Yrd Mat Mat Min Zio Pro Fac Fac Upp Upp Zhi Pro Fac Res DSF Res Distress Signals 4 | . . 1 . . . . 1 . . . . . . . 2 Communications Jammed 4 | . . . . . . . . . . . . . . . 4 Distress Signals 4 | . . . . . . . . . . . . . . . 4 Times Spotted 219 | . 7 27 . . 16 9 41 8 8 . 18 15 . 1 69 Peak Tracking Total 7 | . 2 4 . . 5 3 6 3 7 . 5 4 . 1 6 Tactical Retreats 12 | . 1 1 . . . . 3 . . . . 1 . . 6 Traps | -11 -10 -9 -9 -7 -6 -6 -5 -5 -5 -5 -4 -4 -3 -3 -2 ------- Run | Yrd Mat Mat Min Zio Pro Fac Fac Upp Upp Zhi Pro Fac Res DSF Res Traps Triggered 5 | . 1 . . . . 1 1 . . . . . . 1 1 Indirectly . | . . . . . . . . . . . . . . . . Trap Hack Attempts . | . . . . . . . . . . . . . . . . Triggered . | . . . . . . . . . . . . . . . . Disarmed . | . . . . . . . . . . . . . . . . Reprogrammed 4 | . . . . . . . . . . . . 4 . . . Reused . | . . . . . . . . . . . . . . . . Traps Extracted . | . . . . . . . . . . . . . . . . Installed . | . . . . . . . . . . . . . . . . Triggered 1 | . . . . . . . . 1 . . . . . . . Machines | -11 -10 -9 -9 -7 -6 -6 -5 -5 -5 -5 -4 -4 -3 -3 -2 ---------- Run | Yrd Mat Mat Min Zio Pro Fac Fac Upp Upp Zhi Pro Fac Res DSF Res Machines Disabled 13 | . . 1 . . . . . . 1 . . 10 . . 1 Max in Single Turn 6 | . . 1 . . . . . . 1 . . 6 . . 1 Garrison Access 1 | . . . . . . . 1 . . . . . . . . Machines Repaired . | . . . . . . . . . . . . . . . . Machines Dismantled . | . . . . . . . . . . . . . . . . Machines Sabotaged . | . . . . . . . . . . . . . . . . Overloaded Fab Kills . | . . . . . . . . . . . . . . . . Hacking | -11 -10 -9 -9 -7 -6 -6 -5 -5 -5 -5 -4 -4 -3 -3 -2 --------- Run | Yrd Mat Mat Min Zio Pro Fac Fac Upp Upp Zhi Pro Fac Res DSF Res Machines Accessed 38 | . 3 9 . 1 . 2 8 . 1 9 . 2 1 . 2 Terminals 20 | . 1 7 . . . 2 4 . 1 . . 2 1 . 2 Fabricators 3 | . . . . . . . 3 . . . . . . . . Repair Stations . | . . . . . . . . . . . . . . . . Recycling Units 4 | . 2 2 . . . . . . . . . . . . . Scanalyzers . | . . . . . . . . . . . . . . . . Garrison Access 1 | . . . . . . . 1 . . . . . . . . Total Hacks 137 | . 8 34 . 4 . 10 19 . 3 48 . 6 1 . 4 Successful 102 | . 8 24 . 4 . 3 7 . 3 48 . 4 1 . . Failed 35 | . . 10 . . . 7 12 . . . . 2 . . 4 Catastrophic 4 | . . . . . . 1 2 . . . . . . . 1 Database Lockouts . | . . . . . . . . . . . . . . . . Manual 4 | . . . . . . . 4 . . . . . . . . Terminals 68 | . 3 32 . . . 10 9 . 3 . . 6 1 . 4 Fabricators 8 | . . . . . . . 8 . . . . . . . . Repair Stations . | . . . . . . . . . . . . . . . . Recycling Units 7 | . 5 2 . . . . . . . . . . . . . Scanalyzers . | . . . . . . . . . . . . . . . . Garrison Access 2 | . . . . . . . 2 . . . . . . . . Terminal Hacks 89 | . 3 22 . 4 . 3 1 . 3 48 . 4 1 . . Record 53 | . 3 9 . . . . . . 3 36 . 2 . . . Part Schematic 9 | . . . . 4 . 1 . . . 4 . . . . . Robot Analysis 5 | . . 1 . . . . . . . 4 . . . . . Prototype ID Bank 5 | . . 1 . . . . . . . 4 . . . . . Open DSF 1 | . . . . . . . . . . . . . 1 . . Emergency Access Points 1 | . . 1 . . . . . . . . . . . . . Alert Level 2 | . . 2 . . . . . . . . . . . . . Unreport Threat 2 | . . 1 . . . . 1 . . . . . . . . Locate Traps 1 | . . . . . . 1 . . . . . . . . . Reprogram Traps 1 | . . . . . . . . . . . . 1 . . . Dispatch Records 1 | . . 1 . . . . . . . . . . . . . Surveillance Status 1 | . . 1 . . . . . . . . . . . . . Investigation Status 1 | . . 1 . . . . . . . . . . . . . Hauler Manifests 1 | . . 1 . . . . . . . . . . . . . Zone Layout 5 | . . 3 . . . 1 . . . . . 1 . . . Fabricator Hacks 4 | . . . . . . . 4 . . . . . . . . Network Status 3 | . . . . . . . 3 . . . . . . . . Build 1 | . . . . . . . 1 . . . . . . . . Repair Station Hacks . | . . . . . . . . . . . . . . . . Recycling Unit Hacks 7 | . 5 2 . . . . . . . . . . . . . Report Inventory 7 | . 5 2 . . . . . . . . . . . . . Scanalyzer . | . . . . . . . . . . . . . . . . Garrison Access Hacks 1 | . . . . . . . 1 . . . . . . . . Seal Access 1 | . . . . . . . 1 . . . . . . . . Unauthorized Hacks 1 | . . . . . . . 1 . . . . . . . . Terminals . | . . . . . . . . . . . . . . . . Fabricators 1 | . . . . . . . 1 . . . . . . . . Report 1 | . . . . . . . 1 . . . . . . . . Repair Stations . | . . . . . . . . . . . . . . . . Recycling Units . | . . . . . . . . . . . . . . . . Scanalyzers . | . . . . . . . . . . . . . . . . Garrison Access . | . . . . . . . . . . . . . . . . Data Cores Recovered 1 | . . . . . . 1 . . . . . . . . . Used . | . . . . . . . . . . . . . . . . Hacking Detections 23 | . 1 7 . . . 2 8 . 1 . . 2 . . 2 Full Trace Events 5 | . . 1 . . . . 2 . 1 . . . . . 1 Feedback Events . | . . . . . . . . . . . . . . . . Feedback Blocked . | . . . . . . . . . . . . . . . . Robot Schematics Acquired 3 | . . . . 3 . . . . . . . . . . . Robots Built . | . . . . . . . . . . . . . . . . Authchips . | . . . . . . . . . . . . . . . . Time . | . . . . . . . . . . . . . . . . Total Robot Build Rating . | . . . . . . . . . . . . . . . . Part Schematics Acquired 23 | . . . . 18 . 1 . . . 4 . . . . . Parts Built 1 | . . . . . . . 1 . . . . . . . . Authchips . | . . . . . . . . . . . . . . . . Time 128 | . . . . . . . 128 . . . . . . . . Total Part Build Rating 8 | . . . . . . . 8 . . . . . . . . Parts Repaired . | . . . . . . . . . . . . . . . . Time . | . . . . . . . . . . . . . . . . Parts Recycled . | . . . . . . . . . . . . . . . . Recycled Matter . | . . . . . . . . . . . . . . . . Retrieved Matter . | . . . . . . . . . . . . . . . . Retrieved Components . | . . . . . . . . . . . . . . . . Parts Scanalyzed . | . . . . . . . . . . . . . . . . Part Schematics Acquired . | . . . . . . . . . . . . . . . . Parts Damaged . | . . . . . . . . . . . . . . . . Bothacking | -11 -10 -9 -9 -7 -6 -6 -5 -5 -5 -5 -4 -4 -3 -3 -2 ------------ Run | Yrd Mat Mat Min Zio Pro Fac Fac Upp Upp Zhi Pro Fac Res DSF Res Used RIF Installer . | . . . . . . . . . . . . . . . . Robots Hacked . | . . . . . . . . . . . . . . . . Non-combat . | . . . . . . . . . . . . . . . . Combat . | . . . . . . . . . . . . . . . . Robot Hacks Applied . | . . . . . . . . . . . . . . . . Relay Couplers Released . | . . . . . . . . . . . . . . . . Fabnet Peak Effective % . | . . . . . . . . . . . . . . . . Robots Rewired . | . . . . . . . . . . . . . . . . Allies Hacked 2 | . . . . . . . . . . . . . . . 2 Hacks Repelled . | . . . . . . . . . . . . . . . . Allies | -11 -10 -9 -9 -7 -6 -6 -5 -5 -5 -5 -4 -4 -3 -3 -2 -------- Run | Yrd Mat Mat Min Zio Pro Fac Fac Upp Upp Zhi Pro Fac Res DSF Res Total Allies 3 | . . . . . . . . . . . . . . . 3 Largest Group 3 | . . . . . . . . . . . . . . . 3 Highest-Rated Group 138 | . . . . . . . . . . . . . . . 138 Highest-Rated Ally 46 | . . . . . . . . . . . . . . . 46 Total Orders . | . . . . . . . . . . . . . . . . Ally Attacks 20 | . . . . . . . . . . . . . . . 20 Total Damage 623 | . . . . . . . . . . . . . . . 623 Kills 2 | . . . . . . . . . . . . . . . 2 Allies Corrupted 1 | . . . . . . . . . . . . . . . 1 Allies Melted . | . . . . . . . . . . . . . . . . Intel | -11 -10 -9 -9 -7 -6 -6 -5 -5 -5 -5 -4 -4 -3 -3 -2 ------- Run | Yrd Mat Mat Min Zio Pro Fac Fac Upp Upp Zhi Pro Fac Res DSF Res Robot Analysis Total 5 | . . 1 . . . . . . . 4 . . . . . Derelict Logs Recovered 7 | . . . 1 2 1 . . 2 1 . . . . . . Drone Launches . | . . . . . . . . . . . . . . . . Drone Recoveries . | . . . . . . . . . . . . . . . . Exploration | -11 -10 -9 -9 -7 -6 -6 -5 -5 -5 -5 -4 -4 -3 -3 -2 ------------- Run | Yrd Mat Mat Min Zio Pro Fac Fac Upp Upp Zhi Pro Fac Res DSF Res Turns Passed 12451 | 50 521 947 52 2487 884 708 1553 581 462 247 838 777 65 88 2191 Spaces Moved 6030 | 43 304 456 43 1376 398 255 679 272 333 182 306 277 47 51 1008 Core 194 | 19 . . . . 21 55 1 . . . 45 53 . . . Treads . | . . . . . . . . . . . . . . . . Legs 5294 | 24 304 456 43 1376 377 25 570 272 333 182 261 224 47 51 749 Wheels 283 | . . . . . . 175 108 . . . . . . . . Hover 259 | . . . . . . . . . . . . . . . 259 Flight . | . . . . . . . . . . . . . . . . Fastest Speed 29 | 50 120 120 120 120 120 130 120 120 120 120 120 120 120 120 29 Average Speed 164 | 89 147 152 120 179 186 218 166 188 120 120 227 204 127 168 124 Slowest Speed 1450 | 120 190 190 120 190 450 700 1450 190 120 120 400 650 190 260 260 Overloaded Moves . | . . . . . . . . . . . . . . . . Propulsion Burnouts . | . . . . . . . . . . . . . . . . Robots Hopped . | . . . . . . . . . . . . . . . . Cave-ins Triggered . | . . . . . . . . . . . . . . . . Teleports 1 | . . . . . . . . . . . . 1 . . . Exploration Rate (%) 40 | 4 39 66 22 83 65 8 18 53 45 62 54 8 2 96 24 Regions Visited 15 Branch Regions 7 Pre-discovered Areas 5 | . . . . . 1 . . . 1 3 . . . . . Known Exits Taken 2 | . . . . . . 1 . . . . . . 1 . . Unknown Exits Taken 12 | 1 1 1 1 1 1 . 1 1 1 1 1 1 . . . Scrap Searched 11 | . . . . 3 2 . . 1 3 . 2 . . . . Spaces Dug 3 | . . . . . . . . . . . . . . . 3 Terrain Destroyed 302 | . . . . . 53 . 41 1 1 . 48 106 . . 52 Melee 2 | . . . . . . . . . . . . . . . 2 Projectile 88 | . . . . . 1 . 1 . 1 . 44 17 . . 24 AOE 208 | . . . . . 52 . 37 . . . 4 89 . . 26 Terrain Rammed . | . . . . . . . . . . . . . . . . Walls Destroyed . | . . . . . . . . . . . . . . . . Machines Disabled . | . . . . . . . . . . . . . . . . Actions | -11 -10 -9 -9 -7 -6 -6 -5 -5 -5 -5 -4 -4 -3 -3 -2 --------- Run | Yrd Mat Mat Min Zio Pro Fac Fac Upp Upp Zhi Pro Fac Res DSF Res Total 7444 | 53 338 588 43 1396 464 352 895 297 371 208 361 405 52 54 1567 Wait 221 | . . 27 1 10 . 38 30 . 9 2 . 33 . 2 69 Move 6015 | 42 303 455 42 1375 397 254 678 271 332 181 305 276 46 50 1008 Hop . | . . . . . . . . . . . . . . . . Pick Up 202 | 5 10 14 . 5 3 8 28 3 4 7 2 16 3 2 92 Fast Attach 27 | 2 . . . . . 8 5 1 1 . . 1 . . 9 Attach 163 | 4 1 3 . . 4 6 20 . 1 . 6 23 3 . 92 Detach 21 | . . . . . . . 2 . . . 4 3 . . 12 Swap 119 | . 2 13 . 2 4 6 17 . 4 11 2 5 . . 53 Drop 84 | . 2 14 . 4 2 4 7 1 6 7 1 . . . 36 Fire 531 | . 20 62 . . 54 28 92 21 14 . 41 21 . . 178 Melee 61 | . . . . . . . 16 . . . . 27 . . 18 Ram . | . . . . . . . . . . . . . . . . Kick . | . . . . . . . . . . . . . . . . Crush . | . . . . . . . . . . . . . . . . Escape Stasis . | . . . . . . . . . . . . . . . . Rewire . | . . . . . . . . . . . . . . . . Trap . | . . . . . . . . . . . . . . . . Miscellaneous . | . . . . . . . . . . . . . . . . Route ------- -11/Scrapyard -10/Materials -9/Materials (discovered 2 exits: *Mat / [*Min]) -9/Mines (discovered 2 exits: Mat / *Zio) -7/Zion -6/Proximity Caves -6/Factory -5/Factory (discovered 2 exits: *Fac / [*Upp]) -5/Upper Caves -5/Upper Caves -5/Zhirov -4/Proximity Caves -4/Factory -3/Research -3/DSF -2/Research History --------- Turn | Location | Event 2 | -11/Scrapyard | Met Revision 17 14 | -11/Scrapyard | Discovered new exit (range 15) 51 | -11/Scrapyard | Entered Materials 296 | -10/Materials | Discovered new exit (range 7) 305 | -10/Materials | Build established: Mutant 572 | -10/Materials | Entered another Materials area 572 | -9/Materials | Evolved 2 slots: Propulsion x1, Utility x1 869 | -9/Materials | Discovered new exit (range 16) 1504 | -9/Materials | Discovered new exit (range 13) 1519 | -9/Materials | Entered Mines 1524 | -9/Mines | Identified exit to Materials 1555 | -9/Mines | Met a Derelict bent on vengeance 1565 | -9/Mines | A Derelict revealed a hidden shortcut to a safe place 1571 | -9/Mines | Entered Zion 1597 | -7/Zion | Given A8's code to call for help 1781 | -7/Zion | Given the Hacking Drone Bay 1822 | -7/Zion | Found Prototype Special Weapon 1823 | -7/Zion | Identified RU-N14's Throwing Claymores 1829 | -7/Zion | Found RU-N14's Throwing Claymores 1833 | -7/Zion | Found RU-N14's Throwing Claymores 1910 | -7/Zion | Found Prototype Device 1911 | -7/Zion | Identified Mobile Refinery Mk. CCLXVII 1964 | -7/Zion | Learned 4 Factory zone layouts 2127 | -7/Zion | Learned Factory terminal intel 4029 | -7/Zion | Discovered new exit (range 16) 4058 | -7/Zion | Entered Proximity Caves 4402 | -6/Proximity Caves | Spotted B-75 Beast 4423 | -6/Proximity Caves | Destroyed B-75 Beast 4507 | -6/Proximity Caves | Attracted the attention of an 0b10 checkpoint 4566 | -6/Proximity Caves | Core integrity fell below 50% 4846 | -6/Proximity Caves | Core integrity fell below 20% 4867 | -6/Proximity Caves | Lost 4 parts (2n1u1w) 4915 | -6/Proximity Caves | Discovered new exit (range 6) 4942 | -6/Proximity Caves | Entered Factory 4942 | -6/Factory | Evolved 6 slots: Power x1, Propulsion x2, Utility x2, Weapon x1 4943 | -6/Factory | Identified exit to Factory 4944 | -6/Factory | Loaded intel: 25 terminal locations 5511 | -6/Factory | Build established: Tank 5611 | -6/Factory | Lost 4 parts (1p1n1u1w) 5650 | -6/Factory | Entered another Factory area 5650 | -5/Factory | Evolved 2 slots: Propulsion x1, Utility x1 5800 | -5/Factory | Fabricated Com. HERF Cannon (x1) 5893 | -5/Factory | Garrison activated, responded to threat 6220 | -5/Factory | Build established: Scavenger-Tank 6303 | -5/Factory | Destroyed 7 combat bots 6326 | -5/Factory | Discovered new exit (range 10) 6403 | -5/Factory | Lost 3 parts (1n2u) 6474 | -5/Factory | Garrison activated, responded to threat 6531 | -5/Factory | Lost 5 parts (1p1n2u1w) 6667 | -5/Factory | System corruption reached 10% 6697 | -5/Factory | Lost 4 parts (1n2u1w) 6731 | -5/Factory | Build established: Scavenger-Mutant 6928 | -5/Factory | Discovered new exit (range 16) 7033 | -5/Factory | Build established: Scavenger-Tank 7203 | -5/Factory | Entered Upper Caves 7466 | -5/Upper Caves | Attracted the attention of an 0b10 checkpoint 7509 | -5/Upper Caves | Learned Factory stockpile data 7753 | -5/Upper Caves | Discovered new exit (range 14) 7784 | -5/Upper Caves | Entered another Upper Caves area 7848 | -5/Upper Caves | Attracted the attention of an 0b10 base 7899 | -5/Upper Caves | Destroyed 7 combat bots 8146 | -5/Upper Caves | Learned Factory emergency access door positions 8167 | -5/Upper Caves | Attracted the attention of an 0b10 checkpoint 8205 | -5/Upper Caves | Encountered a Warlord checkpoint 8206 | -5/Upper Caves | Discovered new exit (range 14) 8246 | -5/Upper Caves | Entered Zhirov 8246 | -5/Zhirov | Discovered new exit (range 3) 8268 | -5/Zhirov | Met Zhirov 8291 | -5/Zhirov | Learned location of Quarantine (-3) 8291 | -5/Zhirov | Learned location of Testing (-2) 8291 | -5/Zhirov | Learned location of Command (-1) 8316 | -5/Zhirov | Zhirov requested help retrieving the SGEMP Prototype 8417 | -5/Zhirov | Found Alien Artifact 8433 | -5/Zhirov | Found Alien Artifact 8493 | -5/Zhirov | Entered Proximity Caves 8524 | -4/Proximity Caves | Attracted the attention of an 0b10 checkpoint 8591 | -4/Proximity Caves | Spotter reported a threat 8708 | -4/Proximity Caves | Spotted B-86 Titan 8735 | -4/Proximity Caves | Destroyed B-86 Titan 8757 | -4/Proximity Caves | Lost 3 parts (1p1n1u) 8776 | -4/Proximity Caves | Spotter reported a threat 8961 | -4/Proximity Caves | Lost 3 parts (1n2w) 9283 | -4/Proximity Caves | Discovered new exit (range 15) 9331 | -4/Proximity Caves | Entered Factory 9331 | -4/Factory | Evolved 2 slots: Propulsion x1, Utility x1 9467 | -4/Factory | Build established: Mutant 9732 | -4/Factory | Identified Integrated Reactor 9732 | -4/Factory | Installed Integrated Reactor, increased core energy generation (+10) 9733 | -4/Factory | Identified Transdimensional Reconstructor 9733 | -4/Factory | Warped through subspace 9951 | -4/Factory | Lost 4 parts (1n2u1w) 10039 | -4/Factory | Build established: Gunner 10045 | -4/Factory | Discovered new exit (range 10) 10053 | -4/Factory | Core integrity fell below 50% 10108 | -4/Factory | Entered Research 10108 | -3/Research | Evolved 2 slots: Propulsion x1, Utility x1 10173 | -3/Research | Identified exit to DSF 10173 | -3/Research | Entered DSF 10173 | -3/DSF | Met a pair of Sappers preparing to destroy DSF 10203 | -3/DSF | Additional patrols routed to DSF 10237 | -3/DSF | Discovered new exit (range 14) 10250 | -3/DSF | Lost 5 parts (2n1u2w) 10261 | -3/DSF | Entered Research 10261 | -2/Research | Evolved 2 slots: Propulsion x1, Utility x1 10581 | -2/Research | Lost 14 parts (1p5n4u4w) 10994 | -2/Research | Build established: Scavenger-Gunner 11004 | -2/Research | Found Unknown Device 11006 | -2/Research | Identified Launcher Loader 11187 | -2/Research | Found Prototype Processor 11189 | -2/Research | Identified Exp. Target Analyzer 11265 | -2/Research | Lost 3 parts (1p1n1u) 11450 | -2/Research | Allied Derelicts emerged from ambush trap array 11513 | -2/Research | Lost 3 parts (1n2u) 11579 | -2/Research | P-80 Master assimilated allied TZ-ZC4(g) 11590 | -2/Research | System corruption reached 10% 11617 | -2/Research | Core integrity fell below 50% 11644 | -2/Research | System corruption reached 30% 11680 | -2/Research | Lost 22 parts (3p11n4u4w) 12013 | -2/Research | Build established: Scavenger-Skirmisher 12193 | -2/Research | Core integrity fell below 20% 12313 | -2/Research | Spotted B-90 Cyclops 12405 | -2/Research | Lost 10 parts (1p2n3u4w) 12452 | -2/Research | Destroyed by H-88 Terminator with KE Penetrator Last Messages --------------- 12433_ R-10 Processor collects Sml. Battery. 12434_ U-05 Engineer builds a Wall. 12436_ System corrupted: Heat flow error (+221). 12437_ R-10 Processor collects Adv. Heat Sink. 12438_ U-05 Engineer builds a Wall. 12439_ U-05 Engineer lays Concrete. 12440_ R-10 Processor collects Sml. Matter Pod. 12440_ U-05 Engineer lays Concrete. 12443_ B-90 Cyclops exits siege mode. 12444_ U-05 Engineer builds a Door. 12444_ Slug penetrates B-90 Cyclops. 12445_ U-05 Engineer builds a Wall. 12445_ K-01 Serf distress signal alerts nearby ally. 12448_ B-90 Cyclops activates siege mode. 12448_ Slug penetrates B-90 Cyclops. 12448_ U-05 Engineer builds a Door. 12451_ Slug penetrates Wall. 12452_ U-05 Engineer builds a Door. 12452_ Slug penetrates Wall. 12452_ Penetrated by Slug. Map ----- +----------------------------------------------------+ | ?? ###########??????????????????????? | | ????? ? ??????????????????????????????????? | | ??? ?? # ???????????????????????????????? | | ??? # ???????????????????????????????? | | ###+###??? # ???????????????????????????????? | | # ??? ? # ???????????????????????????????? | | # ??????????? # ???????????????????????????????? | | # ????????? + ???????????????????????????????? | | # ????????? ?????????????????????????????????? | | # ????????? ?????????????????????????????????? | | # ????????? ?????????????????????????????????? | | # ????????? ?????????????????????????????????? | | ##?????????? ?????????????????????????????????? | | # ?????????? ?????????????????????????????????? | | # ?????????? ?????????????????????????????????? | | # ?????????? ?????????????????????????????????? | | # ?????????? ?????????????????????????????????? | | + ?????????? #????????????????????????????????? | | # ??????????# #????????????????????????????????? | | # ??????????# #????????????????????????????????? | | # ??????????# #????????????????????????????????? | | # #### # ????????????????????????????? | | ############# ##+##???###??????????????????????? | | # # #########?????????????????????? | | + # =#= #?????????????????????? | | # # %%#R! @ #?????????????????????? | | # # BB Rh! #?????????????????????? | | # % # BBu#########?????????????????????? | | # % ; "!#???????????????????????????? | | # % + ###???????????????????????????? | | #######"""###### ##????????????????????????????? | | #### ########## ##????????????????????????????? | | ####?###" #?????# #?????????????????????????????? | | ####???## #?????# #?????????????????????????????? | | ???????? ???? #?????????????????????????????? | | ??????? ?? ?????????????????????????????? | | ?????? ###?????????????????????????????? | | ?????# == #???????????????????????????????? | | ?????# == #???????????????????????????????? | | ?????+ ??????????????????????????????? | | ?????# ###?????????????????????????????? | | ?????# #???????????????????????????????? | | ?????+ = #???????????????????????????????? | | ?????# #???????????????????????????????? | | ?????# ? ?????????????????????????????????? | | ????????? ? ?????????????????????????????????????? | | ?????????????????????????????????????????????????? | | ?????????????????????????????????????????????????? | | ?????????????????????????????????????????????????? | | ?????????????????????????????????????????????????? | +----------------------------------------------------+ Best States ------------- Heat Dissipation 106 Coolant Potential 100 Energy Generation 60 Energy Capacity 555 Matter Stores 300 Matter Capacity 600 Sight Range 22 Terrain Scan Density 10 Jamming Range 16 Power Amplification 20 EM Shielding 3 Corruption Containment 8 Armor Coverage 600 Resistance: KI 20 Resistance: TH 20 Resistance: EX 20 Resistance: EM 20 Resistance: I 20 Resistance: S 20 Resistance: P 20 Utility Shielding 90 Melee Speed Boost 20 Evasion (%) 55 Matter Filtering 50 Kinecelleration 40 Offensive Hacking 10 Item Schematics ----------------- Spear | -7/Zion | Archive Proton Cannon | -7/Zion | Archive Coolant Injector | -7/Zion | Archive Hpw. Shock Rifle | -7/Zion | Archive Gatling Laser | -7/Zion | Archive Imp. Medium Treads | -7/Zion | Archive Flak Gun | -7/Zion | Archive Lrn. Tractor Beam | -7/Zion | Archive Antigrav System | -7/Zion | Archive Shock Absorption System | -7/Zion | Archive Lrn. Missile Launcher | -7/Zion | Archive Hvy. Machine Gun | -7/Zion | Archive Imp. Heavy Armor Plating | -7/Zion | Archive Lightning Gun | -7/Zion | Archive Battle Cannon | -7/Zion | Free Flamer | -7/Zion | Free Enh. Flamer | -7/Zion | Free Hvy. Beamcaster | -7/Zion | Free Magnetic Acceleration Cannon | -6/Factory | Hacked Assault Drone Bay | -5/Zhirov | Free Exp. Heat Sink | -5/Zhirov | Free Exp. Optical Array | -5/Zhirov | Free Imp. Arc Thrower | -5/Zhirov | Free Robot Schematics ------------------ B-36 Bruiser | -7/Zion | Archive Y-54 Guardian | -7/Zion | Archive R-06 Scavenger | -7/Zion | Archive Fabricated ------------ Com. HERF Cannon | x1 | -5/Factory | Preloaded Alien Tech Used ----------------- Integrated Reactor Transdimensional Reconstructor Achievements -------------- None Challenges ------------ None Game ------ Seed NetworkGatlingExtrapolator Manual? 0 Play Time 02:17:40 Cumulative 296.2 hours Start 2025.04.25 @ 07:29:29 End 2025.05.01 @ 14:58:46 Sessions 9 Manual Loads 0 Difficulty Adventurer Special Mode None Game No. 240 Rogue 0 Adventurer 177 Explorer 63 Win Type - Total 0 Types 0/0/0/0/0/0/0/0/0 Lore% 45 Gallery% 63 Achievement% 52 Wizard Run 0 Options --------- Layout 0 ASCII 0 Keyboard 0 Movement Mouse Keybinds 0 Fullscreen 1 Font 24/Smallcaps Map View 76x50 Zoom Use 0% Tactical HUD 1 Map Filters NONE Filters NONE Steam 1 RUN: 5b717bcf-8ddb-411d-9245-60fe37b3e92d